AoeStats
← starlord

Arabia

508889203Analyzed
2v2 RM · 8d ago on Sep 24, 2026· 39m 56s· 4 players
Game mode
Random Map
Map size
Medium (4 player)
Population
200
Speed
Normal
Resources
Standard
Victory
Conquest
Starting age
Dark Age
Ending age
Imperial Age
RankedLock teamsTeams togetherTeam positionsShared explorationLock speedFull tech treeHidden civsTurbo modeCheats
Victory
Defeat
🇨🇿 Magyars · Czechia
1180
+13
🇨🇿 Ethiopians · Czechia
1173
+13
🇲🇹 Mongols · Malta
1132
-13
🇫🇷 Bengalis · France
1105
-13
taktak89
5:00 Loom
10:24 Feudal Age
20:42 Castle Age
18:40 Double-Bit Axe
19:31 Fletching
21:54 Wheelbarrow
JuLi4n00
9:58 Feudal Age
15:15 Castle Age
15:08 Loom
15:59 Double-Bit Axe
17:00 Horse Collar
20:12 Fletching
21:32 Padded Archer Armor
23:11 Bodkin Arrow
23:56 Leather Archer Armor
25:06 Ballistics
27:31 Wheelbarrow
36:52 Imperial Age
37:37 Bracer
39:23 Conscription
Dormex
5:23 Loom
10:06 Feudal Age
10:47 Double-Bit Axe
16:07 Castle Age
16:11 Crossbowman
19:32 Horse Collar
22:18 Bow Saw
22:09 Fletching
22:30 Padded Archer Armor
23:16 Gold Mining
23:54 Heavy Plow
24:35 Bodkin Arrow
26:14 Leather Archer Armor
27:56 Wheelbarrow
28:37 Gold Shaft Mining
31:35 Stone Mining
32:07 Thumb Ring
34:15 Scale Mail Armor
34:26 Forging
37:01 Imperial Age
34:52 Squires
35:17 Chain Mail Armor
37:22 Arbalester
38:05 Bracer
38:35 Ring Archer Armor
37:30 Capped Ram
starlord
2:29 Loom
10:34 Feudal Age
11:04 Double-Bit Axe
20:40 Castle Age
19:45 Bloodlines
21:36 Bow Saw
22:02 Scale Barding Armor
24:21 Horse Collar
25:24 Heavy Plow
26:54 Husbandry
27:49 Chain Barding Armor
28:29 Fletching
30:05 Bodkin Arrow
31:22 Corvinian Army
33:23 Wheelbarrow
34:54 Gold Mining
37:46 Imperial Age
38:20 Town Watch
38:21 Elite Magyar Huszar
39:29 Conscription
40:18 Plate Barding Armor
39:44 Bracer
Connection lost

Rejoining the realm…

Still unreachable

The connection could not be restored.

Session expired

The server has moved on; the page needs a fresh start.